 Dungeon Crawl Stone Soup version 0.27.1-15-g792fb953b9 (webtiles) character file.

Game seed: 10717023525773575281

938 bearlyready the Sneak (level 8, 0/46 HPs)
             Began as a Kobold Fighter on Nov 18, 2021.
             Was an Initiate of Gozag.
             Slain by a lemure (2 damage)
             ... led by Pikel
             ... on level 6 of the Dungeon.
             The game lasted 00:13:35 (7984 turns).

bearlyready the Sneak (Kobold Fighter)              Turns: 7984, Time: 00:13:36

Health: 0/46       AC: 11    Str: 13    XL:     8   Next: 34%
Magic:  8/8        EV: 10    Int: 10    God:    Gozag
Gold:   757        SH:  5    Dex: 16    Spells: 7/7 levels left

rFire    + . .     SeeInvis .   j - +2 quick blade
rCold    + . .     Faith    .   c - +0 buckler
rNeg     . . .     Spirit   .   b - +1 scale mail
rPois    +         Reflect  .   l - +0 helmet
rElec    +         Harm     .   (no cloak)
rCorr    +         Rampage  .   h - +2 pair of gloves
Will     .....                  (no boots)
Stlth    +++.......             z - amulet of the acrobat
HPRegen  0.15/turn              v - ring of poison resistance
MPRegen  0.11/turn              (no ring)

@: resistant, weak-willed
A: small, no large weapons, nightstalker 3
a: Renounce Religion, Potion Petition, Call Merchant, Bribe Branch


You were on level 6 of the Dungeon.
You worshipped Gozag.
Gozag was pleased with you.
You visited 2 branches of the dungeon, and saw 8 of its levels.

You collected 902 gold pieces.
You spent 42 gold pieces at shops.
You paid 103 gold pieces to Gozag.

Inventory:

Hand Weapons
 a - a +1 rapier
 j - a +2 quick blade (weapon)
Missiles
 f - 55 poisoned darts
 i - 8 curare-tipped darts
 r - 6 boomerangs (quivered)
Armour
 b - a +1 scale mail (worn)
 c - a +0 buckler (worn)
 h - a +2 pair of gloves (worn)
 l - a +0 helmet (worn)
Jewellery
 v - a ring of poison resistance (left hand)
 w - a ring of ice
 x - a ring of ice
 z - an amulet of the acrobat (around neck)
Scrolls
 e - 2 scrolls of identify
 k - 2 scrolls of noise
Potions
 d - a potion of might
 g - a potion of heal wounds {unknown}
 n - a potion of haste {unknown}
 p - a potion of ambrosia
 s - a potion of resistance
 t - a potion of brilliance {unknown}


   Skills:
 - Level 3.2 Fighting
 + Level 7.4 Short Blades
 + Level 5.2 Throwing
 - Level 2.4 Armour
 + Level 7.5 Stealth
 - Level 2.4 Shields


You had 7 spell levels left.
You didn't know any spells.
Your spell library contained the following spells:

 Spells                   Type           Power      Damage    Failure   Level
 Animate Skeleton         Necr           0%         N/A       93%         1
 Apportation              Tloc           0%         N/A       93%         1
 Corona                   Hex            0%         N/A       93%         1
 Summon Small Mammal      Summ           0%         N/A       93%         1
 Stone Arrow              Conj/Erth      0%         3d7       100%        3
 Animate Armour           Summ/Erth      0%         N/A       100%        4
 Lehudib's Crystal Spear  Conj/Erth      0%         10d2      100%        8


Dungeon Overview and Level Annotations

Branches:
Dungeon (7/15)             Temple (1/1) D:5

Altars:
Ashenzari
Cheibriados
Dithmenos
Elyvilon
Fedhas
Gozag
Kikubaaqudgha
Makhleb
Nemelex Xobeh
Okawaru
Qazlal
Ru
Sif Muna
Trog
Uskayaw
Vehumet
Wu Jian
Xom
Yredelemnul
Zin
The Shining One

Shops:
D:1 [   D:2 ?

Annotations:
D:2 1 runed translucent door, Crazy Yiuf
D:4 1 runed translucent door, SquidGame's ghost, amateur HuAK


Innate Abilities, Weirdness & Mutations

You are small and have problems with some larger weapons.
You are completely attuned to the shadows.


Message History

You closely miss the lemure.
The lemure is lightly wounded.
The lemure closely misses you. You block the lemure's attack. x2
A water moccasin skeleton comes into view.
You hit the lemure but do no damage.
The lemure is lightly wounded.
The orc priest invokes the aid of Beogh against you.
Beogh smites you!
* * * LOW HITPOINT WARNING * * *
You hit the lemure but do no damage.
The lemure is lightly wounded.
The lemure hits you but does no damage. The lemure hits you.
* * * LOW HITPOINT WARNING * * *
You hit the lemure but do no damage.
The lemure is lightly wounded.
The lemure hits you but does no damage.
You hit the lemure.
The lemure is moderately wounded.
You hit the lemure.
The lemure is heavily wounded.
The lemure barely misses you. The lemure hits you.
* * * LOW HITPOINT WARNING * * *
The lemure hits you but does no damage.
You closely miss the lemure.
The lemure is heavily wounded.
You hit the lemure but do no damage.
The lemure is heavily wounded.
The lemure barely misses you. The lemure hits you.
* * * LOW HITPOINT WARNING * * *
You hit the lemure.
The lemure is heavily wounded.
The lemure hits you but does no damage.
Unknown command.
You hit the lemure.
The lemure is severely wounded.
You hit the lemure.
The lemure is almost dead.
The lemure hits you.
You die...
Your body crumbles into a pile of gold.

...............# .....#########.#
........#....#.# #############
.....#.......#.# #............
.....#.#######.# #.###########
.....#.#≈l≈#.#.# #...# ##.
##.#.###..≈#.#.######...# ##..
##.#.###.≈.#.#.#55o.#...# #..#
...#...# #.#.#@##.#.o.######..#
.....### #.#.#.59.............#
.......#≈≈l#...######...........Y
.....###.≈l#.### ###............
##'#...#####...# #.#......>.....
#.#.#>......### #.#............
#.#.....#...#.# #.#..........#.
#.#####.#)..#.# ###............
#...........#.# ###............


You could see a gargoyle (weak-willed), 3 lemures and an orc priest.

Vanquished Creatures
  A black bear (D:4)
  An orc warrior (D:6)
  A necrophage (D:4)
  A centaur (D:6)
  A gnoll sergeant (D:7)
  2 water moccasin skeletons
  2 wights (D:6)
  2 hounds
  An iguana (D:5)
  2 orc wizards
  A killer bee zombie (D:5)
  A hound skeleton (D:4)
  5 adders
  3 gnolls
  A white imp (D:6)
  2 ufetubi
  An adder skeleton (D:4)
  An adder zombie (D:5)
  2 dart slugs
  11 orcs
  3 ball pythons
  6 endoplasms
  3 giant cockroaches
  6 hobgoblins
  8 kobolds
  2 quokkas
  8 bats
  4 frilled lizards
  4 goblins
  A quokka skeleton (D:4)
  5 rats
92 creatures vanquished.

Vanquished Creatures (others)
  17 fungi (D:6)
  11 plants
28 creatures vanquished.

Grand Total: 120 creatures vanquished

Notes
Turn   | Place    | Note
-------+----------+-------------------------------------------
     0 | D:1      | bearlyready the Kobold Fighter began the quest for the Orb.
     0 | D:1      | Reached XP level 1. HP: 14/14 MP: 1/1
    59 | D:1      | Reached skill level 1 in Stealth
   104 | D:1      | Reached XP level 2. HP: 19/19 MP: 2/2
   133 | D:1      | Found Uddogrihut's Armour Emporium.
   381 | D:1      | Reached XP level 3. HP: 23/23 MP: 3/3
  1165 | D:2      | Found Aceidgha's Magic Scroll Shoppe.
  1187 | D:2      | Bought a scroll of teleportation for 42 gold pieces
  1271 | D:2      | Reached skill level 1 in Throwing
  1271 | D:2      | Reached XP level 4. HP: 28/28 MP: 4/4
  1379 | D:2      | Found a faded altar of an unknown god.
  1494 | D:2      | Found a runed translucent door.
  1497 | D:2      | Noticed Crazy Yiuf
  2585 | D:3      | Found a blossoming altar of Fedhas.
  3327 | D:4      | Noticed an ogre
  3623 | D:4      | Reached XP level 5. HP: 30/32 MP: 5/5
  3686 | D:4      | Noticed a necrophage
  3697 | D:4      | Killed a necrophage
  3698 | D:4      | Reached skill level 5 in Short Blades
  3698 | D:4      | Reached XP level 6. HP: 29/37 MP: 6/6
  3817 | D:4      | Found a runed translucent door.
  3820 | D:4      | Noticed SquidGame's ghost (amateur HuAK)
  3974 | D:4      | Found a runed translucent door.
  4211 | D:4      | Reached skill level 5 in Stealth
  4243 | D:4      | Noticed a black bear
  4264 | D:4      | Killed a black bear
  4265 | D:4      | Reached XP level 7. HP: 22/41 MP: 7/7
  4723 | D:5      | Entered Level 5 of the Dungeon
  5064 | D:5      | Noticed a steam dragon
  5079 | D:5      | Noticed a vampire mosquito
  5263 | D:5      | Found a staircase to the Ecumenical Temple.
  5367 | Temple   | Entered the Ecumenical Temple
  5610 | Temple   | Became a worshipper of Gozag Ym Sagoz the Greedy
  7022 | D:6      | Reached XP level 8. HP: 28/43 MP: 8/8
  7380 | D:6      | Reached skill level 5 in Throwing
  7401 | D:6      | Noticed a gargoyle
  7938 | D:7      | Identified 2 scrolls of acquirement
  7962 | D:6      | Acquired 517 gold pieces
  7964 | D:6      | Acquired a +2 quick blade
  7979 | D:6      | HP: 2/46 [lemure[Pikel] (1)]
  7984 | D:6      | Slain by a lemure

Illustrated notes

Levels and vault maps discovered:
D:1:      amcnicky_arrival_blooded_trapdoor, layout_basic, serial_shops,
          nicolae_shop_waterfront, minmay_misc_feat_four_crosses,
          minmay_tetromino_o2
D:2:      layout_rooms, serial_shops, shop,
          shapermc_ecumenical_altar_starsandcircs, uniq_crazy_yiuf_cottage
D:3:      layout_basic, mainiacjoe_overflow_boulevard, hex_large,
          kennysheep_potato
D:4:      layout_rooms, ebering_ghost_sewer_f, minmay_misc_feat_secret_circle,
          hangedman_decor_diamond_cutter
D:5:      layout_basic, serial_bayou_ford_a, lightli_corner_chamber
D:6:      layout_basic, serial_aquarium, aquarium_bridge_square
          [aquarium_subvault_bridge, aquarium_subvault_wall,
          aquarium_subvault_balcony, aquarium_subvault_window],
          aquarium_bridge_square [aquarium_subvault_wall,
          aquarium_subvault_wall, aquarium_subvault_wall,
          aquarium_subvault_bridge], aquarium_window_fake, aquarium_window_3,
          aquarium_window_fake, aquarium_view_2g, minmay_bent
D:7:      layout_loops_ring, eino_small_chamber_without_monster,
          grunt_ministairs_10, uniq_maggie, uniq_harold, uniq_pikel,
          uniq_menkaure
Temple:   regret_index_temple_chain_breaker

Skill      XL: |  1  2  3  4  5  6  7  8 |
---------------+-------------------------+-----
Stealth        | 1 2 3 4 5 6 7 |  7.5
Short Blades   | 3 4 5 6 7 |  7.4
Throwing       | 1 2 3 4 5 |  5.2
Fighting       | |  3.2
Armour         | |  2.4
Shields        | |  2.4

Action                   |  1- 3 |  4- 6 |  7- 9 || total
-------------------------+-------+-------+-------++-------
Melee: Rapier            |    84 |   171 |   164 ||   419
       Quick blade       |       |       |    17 ||    17
Throw: Dart              |       |     3 |       ||     3
  Use: Scroll            |       |     1 |    10 ||    11
       Potion            |       |       |     3 ||     3
 Stab: Sleeping          |     8 |     4 |    10 ||    22
       Distracted        |       |     1 |     1 ||     2
Armor: Scale mail        |    25 |    63 |    78 ||   166
Dodge: Dodged            |    45 |    63 |    87 ||   195
Block: Buckler           |    22 |    59 |    44 ||   125
